 Dungeon Crawl Stone Soup version 0.30-a0-310-g7d6cbdfea6 (webtiles) character file.

Game seed: 14081204270828361381

290979 freelancePsychic the Warrior (level 20, -5/120 HPs)
             Began as a Vine Stalker Berserker on Oct 23, 2022.
             Was the Champion of Trog.
             Killed from afar by a deep elf annihilator (57 damage)
             ... with a crystal spear
             ... on level 3 of the Elven Halls on Oct 24, 2022.
             The game lasted 01:22:38 (36430 turns).

freelancePsychic the Warrior (VSBe)                Turns: 36430, Time: 01:22:39

Health: -5/120     AC: 27    Str: 31    XL:     20   Next: 76%
Magic:  0/21       EV: 18    Int: 13    God:    Trog [******]
Gold:   4705       SH: 23    Dex: 22    Spells: 19/19 levels left

rFire   + . .      SeeInvis .    h - +8 Vampire's Tooth {vamp}
rCold   . . .      Faith    .    R - +2 kite shield {reflect}
rNeg    . . .      Spirit   +    M - +8 scale mail of the Bagpipe {Contam rCorr Str+4}
rPois   +          Reflect  +    Q - +0 helmet
rElec   +          Harm     .    v - +0 cloak {Stlth+}
rCorr   +          Rampage  .    A - +2 pair of gloves
Will    ++++.                    k - +2 pair of boots
Stlth   ++........               L - amulet of reflection
HPRegen 2.20/turn                D - ring "Xiachop" {rPois rF+ Str+3 Int+6}
MPRegen 0.17/turn                f - ring of Ymihets {Fly rElec Str+3}

@: strong-willed (expiring), flying, regenerating (expiring)
A: fangs 3, regeneration 1, magic shield, antimagic bite, no potion heal 2
}: 2/15 runes: decaying, gossamer
a: Renounce Religion, Berserk, Trog's Hand, Brothers in Arms


You were on level 3 of the Elven Halls.
You worshipped Trog.
Trog was exalted by your worship.
You visited 6 branches of the dungeon, and saw 33 of its levels.
You visited the Abyss 1 time.
You also visited: Ossuary and Bailey.

You collected 5227 gold pieces.
You spent 522 gold pieces at shops.

Inventory:

Hand Weapons
 b - a +5 antimagic rapier
 h - the +8 Vampire's Tooth (weapon) {vamp}
   (Trog gifted it to you on level 1 of the Orcish Mines)

   It occasionally heals its wielder for the full amount of damage dealt when it
   wounds a living foe.
Armour
 k - a +2 pair of boots (worn)
 v - a +0 cloak of stealth (worn)
 A - a +2 pair of gloves (worn)
 C - +0 fire dragon scales
 M - the +8 scale mail of the Bagpipe (worn) {Contam rCorr Str+4}
   (You found it on level 13 of the Dungeon)

   Str:       It affects your strength (+4).
   Contam:    It causes magical contamination when unequipped.
   rCorr:     It protects you from acid and corrosion.
 Q - a +0 helmet (worn)
 R - a +2 kite shield of reflection (worn)
Jewellery
 c - the ring "Ithrychops" {rPois Str+7 Int+5}
   (You found it on level 3 of the Swamp)

   [ring of poison resistance]

   Str:       It affects your strength (+7).
   Int:       It affects your intelligence (+5).
   rPois:     It protects you from poison.
 f - the ring of Ymihets (right hand) {Fly rElec Str+3}
   (You acquired it on level 6 of the Dungeon)

   [ring of flight]

   Str:       It affects your strength (+3).
   rElec:     It insulates you from electricity.
   Fly:       It grants you flight.
 j - the ring "Cimnel" {Fire Drain rN+++ Will+++}
   (You found it on level 5 of the Lair of Beasts)

   [ring of fire]

   It enhances your fire magic.
   rF:        It protects you from fire.
   rC:        It makes you vulnerable to cold.
   rN:        It renders you almost immune to negative energy.
   Drain:     It drains your maximum health when unequipped.
   Will:      It greatly increases your willpower.
 w - the ring "Murawumu" {rElec Int-5 Slay+2 SInv}
   (You took it off a deep elf death mage on level 3 of the Elven Halls)

   [ring of see invisible]

   Int:       It affects your intelligence (-5).
   Slay:      It affects your accuracy & damage with ranged weapons and melee
   (+2).
   rElec:     It insulates you from electricity.
   SInv:      It lets you see invisible.
 D - the ring "Xiachop" (left hand) {rPois rF+ Str+3 Int+6}
   (You found it in a bailey)

   [ring of intelligence]

   Str:       It affects your strength (+3).
   Int:       It affects your intelligence (+6).
   rF:        It protects you from fire.
   rPois:     It protects you from poison.
 F - a ring of protection from cold
 L - an amulet of reflection (around neck)
 Y - an amulet of the acrobat
Wands
 p - a wand of polymorph (23)
 H - a wand of acid (14)
 K - a wand of flame (34)
 S - a wand of iceblast (2)
 T - a wand of mindburst (15)
 Z - a wand of paralysis (24)
Scrolls
 a - 3 scrolls of fear
 d - 2 scrolls of silence
 g - 11 scrolls of teleportation {@r4}
 m - 4 scrolls of enchant weapon
 q - 6 scrolls of torment
 s - 5 scrolls of vulnerability
 t - 14 scrolls of identify {@r1}
 y - a scroll of poison
 B - 3 scrolls of fog
 G - 2 scrolls of enchant armour
 O - 4 scrolls of magic mapping
 P - 5 scrolls of blinking
 V - a scroll of brand weapon
 W - 2 scrolls of summoning
Potions
 e - 19 potions of heal wounds {@q2}
 i - 3 potions of invisibility
 l - 3 potions of lignification
 n - 7 potions of haste {@q3}
 o - 12 potions of mutation
 r - 4 potions of resistance
 u - 13 potions of curing {@q1}
 x - 7 potions of might
 z - 17 potions of degeneration
 I - 4 potions of cancellation
 J - 6 potions of ambrosia
 X - 3 potions of magic
Miscellaneous
 E - a phantom mirror
 N - a condenser vane
 U - a box of beasts


   Skills:
 + Level 18.7 Fighting
 - Level 11.0 Short Blades
 - Level 12.2 Armour
 - Level 11.6 Dodging
 - Level 1.5 Stealth
 + Level 17.1 Shields
 + Level 11.7 Evocations


You had 19 spell levels left.
You didn't know any spells.
Your spell library was empty.

Dungeon Overview and Level Annotations

Branches:
Dungeon (15/15)            Temple (0/1) D:6            Lair (5/5) D:11
  Swamp (4/4) Lair:2       Spider (4/4) Lair:2        Slime (0/5) Lair:5
    Orc (2/2) D:11            Elf (3/3) Orc:2        Vaults (0/5) D:13
 Depths (0/4) D:15        Ossuary (visited)          Bailey (visited)

Altars:
Ashenzari
Cheibriados
Fedhas
Gozag
Kikubaaqudgha
Nemelex Xobeh
Qazlal
Trog
Xom
The Shining One
Jiyva

Shops:
D:3 *   D:5 [   D:15 [   Orc:1 (   Orc:2 :[(*   Elf:1 *   Elf:2 =   Elf:3 (

Portals:
Trove: D:15 (give 15 scrolls of teleportation)

Annotations:
D:11 3 runed translucent doors, greenreed's ghost, journeyman GnCj
D:14 4 transporters
Lair:2 exclusion: oklob plant
Lair:3 1 runed translucent door, DrKenneth's ghost, journeyman MiFi
Lair:5 exclusion: 2 oklob plants
Swamp:1 1 runed translucent door, SprigganGuy's ghost, journeyman FeSu
Swamp:4 Roxanne
Elf:2 6 runed translucent doors, Zasomp's ghost, veteran MiFi


Innate Abilities, Weirdness & Mutations

You have razor-sharp teeth.
Your natural rate of healing is unusually fast.
When hurt, damage is shared between your health and your magic reserves.
Your bite disrupts and absorbs the magic of your enemies.
Potions cannot restore your health.


Message History

You drain its power.
You feel invigorated.
The deep elf high priest is heavily wounded.
The deep elf high priest hits you but does no damage.
Space warps horribly around you!!
You closely miss the deep elf high priest.
You bite the deep elf high priest, but do no damage.
The deep elf high priest is heavily wounded.
You hit the deep elf high priest but do no damage.
Your bite misses the deep elf high priest.
The deep elf high priest is heavily wounded.
You hit the deep elf high priest but do no damage.
You bite the deep elf high priest, but do no damage.
The deep elf high priest is heavily wounded.
The deep elf high priest shouts, "You must be punished!"
You block the deep elf high priest's attack.
You puncture the deep elf high priest!
Your bite misses the deep elf high priest.
The deep elf high priest is heavily wounded.
You barely miss the deep elf high priest.
Your bite misses the deep elf high priest.
The deep elf high priest is heavily wounded.
You puncture the deep elf high priest!
Your bite misses the deep elf high priest.
The deep elf high priest is severely wounded.
The deep elf annihilator casts a spell at you.
The crystal spear hits you!!!
You block the deep elf high priest's attack.
You are too injured to fight recklessly!
You are too injured to fight recklessly!
The deep elf high priest attacks as you move away!
You block the deep elf high priest's attack.
The deep elf high priest unwields a +0 long sword of distortion.
Its appearance distorts for a moment.
The deep elf high priest wields a +1 longbow of electrocution.
You hear the crackle of electricity.
The deep elf high priest shoots an arrow.
The arrow completely misses you.
The deep elf annihilator points at you and mumbles some strange words.
The crystal spear hits you!!!
You die...

.......###)............###...##
.......................##.###.##
......e.e#.............#.#####.##
.........#..............##......#
.........#..#..........###.....#.
........##....)........# #.....#.
........#.##.e#####.##.###.....#.
.⌠..e..### #.e...##.###.##......#
....... ##.##@##.####.#####.##
#.##.)).....#.###.##
#.......###.##...## #########
#.....## #######


You could see a deep elf annihilator (empowered) and a deep elf high priest
(brilliance aura).

Vanquished Creatures
  Saint Roka (Elf:3)
  Arachne (Spider:2)
  2 bone dragons (Abyss:2)
  Jorgrun (Orc:1)
  2 deep elf master archers (Elf:3)
  A thorn hunter (Swamp:2)
  Kirke (D:12)
  A fenstrider witch (Swamp:4)
  2 deep elf sorcerers (Elf:3)
  The ghost of Saseerph the Earth Mage, an adept GrEE of Vehumet (Spider:2)
  8 ghost moths
  5 emperor scorpions
  A caustic shrike zombie (Abyss:2)
  An angel (Abyss:2)
  Louise (D:15)
  A ghoul (Swamp:3)
  5 deep elf elementalists
  3 broodmothers
  A starcursed mass (Abyss:2)
  5 bunyips
  5 deep elf annihilators
  5 eleionomae
  4 deep elf demonologists
  4 spark wasps
  Azrael (D:15)
  An eidolon (Abyss:2)
  2 deep elf death magi (Elf:3)
  A fire dragon (D:15)
  The ghost of Wiejup the Thaumaturge, a journeyman DjVM of Makhleb (Lair:1)
  3 deep elf high priests
  A spriggan zombie (D:15)
  4 vault guards (D:13)
  5 entropy weavers
  27 hydras
  3 catoblepae
  4 jorogumos
  The ghost of TacoSundae the Black Sun, a journeyman DsNe of Kikubaaqudgha (Lair:2)
  3 ghost crabs
  4 ogre magi
  3 radroaches
  3 centaur warriors
  6 two-headed ogres
  2 boulder beetles
  16 dancing weapons
  12 alligators
  A hell hog (Abyss:2)
  5 orc high priests
  2 tengu warriors
  A thrashing horror (Abyss:2)
  2 wretched stars (Abyss:2)
  Nergalle (Lair:3)
  7 deep elf knights
  A sixfirhy (Abyss:2)
  A death drake (Swamp:3)
  2 goliath frogs
  5 skeletal warriors
  5 spriggan druids
  A glowing orange brain (Abyss:2)
  7 pharaoh ants
  4 sun moths
  An orange crystal statue (Elf:3)
  2 steelbarb worms
  8 swamp dragons
  9 orb spiders
  5 bog bodies
  9 deep elf archers
  A harpy (shapeshifter) (Elf:1)
  A necromancer (D:15)
  2 orc knights
  2 lindwurms (Lair:1)
  A wizard (Abyss:2)
  A phantasmal warrior (D:15)
  34 deep elf pyromancers
  3 harpies (D:12)
  A mana viper (shapeshifter) (D:13)
  15 wolf spiders
  45 deep elf zephyrmancers
  A manticore (D:13)
  8 cyclopes
  6 orc sorcerers
  A shining eye (Abyss:2)
  30 ugly things
  5 slime creatures (D:14)
  6 will-o-the-wisps
  Maurice (D:8)
  A fire giant zombie (D:15)
  11 elephants
  A worldbinder (Abyss:2)
  4 moths of wrath
  An apocalypse crab (Abyss:2)
  Joseph (D:10)
  7 black mambas
  A guardian serpent (shapeshifter) (Elf:1)
  A smoke demon (Abyss:2)
  3 torpor snails
  A cane toad (shapeshifter) (Elf:1)
  A torpor snail (shapeshifter) (D:14)
  16 cane toads
  3 gargoyles
  8 demonic crawlers
  3 yaktaurs
  4 rime drakes
  2 guardian mummies (D:15)
  A komodo dragon (shapeshifter) (Elf:1)
  An unseen horror (D:11)
  A freezing wraith (D:13)
  An ice devil (D:8)
  4 komodo dragons
  5 tengu conjurers
  10 kobold demonologists
  2 efreet
  An ancient zyme (Abyss:2)
  A polar bear (Lair:3)
  A harpy zombie (Abyss:2)
  15 tyrant leeches
  A hornet (shapeshifter) (Elf:1)
  6 meliai
  A polar bear (shapeshifter) (Elf:1)
  A wolf spider simulacrum (D:15)
  3 large abominations (Abyss:2)
  9 trolls
  21 blink frogs
  7 hornets
  6 raiju
  41 tarantellas
  A tarantella (shapeshifter) (Elf:1)
  Prince Ribbit (D:8)
  11 dream sheep (Lair:5)
  A spriggan skeleton (D:15)
  10 culicivoras
  39 jumping spiders
  4 air elementals (Elf:3)
  2 centaur simulacra (D:15)
  3 water elementals
  4 shadows (D:12)
  6 spriggans
  A wyvern (Lair:2)
  50 yaks
  2 hogs (D:12)
  A steam dragon (D:9)
  8 fire elementals
  7 basilisks
  3 wraiths
  A basilisk (shapeshifter) (Elf:1)
  59 redbacks
  20 vampire mosquitoes
  Menkaure (D:4)
  9 wargs
  A redback (shapeshifter) (Elf:1)
  A harpy simulacrum (D:15)
  A glowing shapeshifter zombie (D:15)
  2 spatial vortices (Abyss:2)
  3 hell hounds
  12 swamp worms
  Duvessa (D:5)
  17 water moccasins
  4 acid dragons
  A floating eye (Orc:1)
  3 black bears
  50 orc warriors
  4 sky beasts
  6 ice beasts
  The ghost of Taurus the Covered, an amateur MiFi (D:3)
  7 swamp drakes (Swamp:4)
  28 wolves
  3 ogres
  10 centaurs
  5 kobold brigands (D:11)
  Blork the orc (D:4)
  22 bullfrogs
  4 scorpions
  6 earth elementals
  4 gnoll sergeants
  3 necrophages
  A small abomination (Abyss:2)
  4 wights
  9 killer bees (D:9)
  Dowan (D:5)
  2 electric eels (Lair:5)
  9 howler monkeys
  2 bullfrog zombies (Ossuary)
  3 centaur zombies (Ossuary)
  A human zombie (Ossuary)
  A quasit (Abyss:2)
  3 jellies
  31 orc priests
  A hound (D:4)
  A gnoll bouda (D:9)
  2 iron imps (Abyss:2)
  Jessica (D:2)
  3 iguanas
  Terence (D:2)
  27 orc wizards
  An ogre zombie (Ossuary)
  A mummy (D:15)
  14 gnolls
  7 adders
  3 white imps
  3 dart slugs
  58 orcs
  4 ball pythons
  9 endoplasms
  9 giant cockroaches
  3 gnoll zombies (Ossuary)
  13 goblins
  6 hobgoblins
  8 jackals
  10 kobolds
  A quokka (D:4)
  5 bats
  5 frilled lizards (D:1)
  5 goblin zombies (Ossuary)
  8 hobgoblin zombies (Ossuary)
  An orc zombie (Ossuary)
  A quokka zombie (D:5)
  7 rats
  A rat zombie (D:5)
  A lurking horror (Abyss:2)
1347 creatures vanquished.

Vanquished Creatures (collateral kills)
  the Lernaean hydra (Swamp:4)
  Mlioglotl (Swamp:4)
  2 swamp dragons (Swamp:4)
  An orc knight (Bailey)
  An orc warrior (Bailey)
  An orc (Bailey)
7 creatures vanquished.

Vanquished Creatures (others)
  3 deep elf knights
  A deep elf pyromancer (Elf:2)
  3 bloated husks
  A water elemental (Elf:1)
  A spriggan (Swamp:4)
  A steam dragon (D:8)
  A swamp drake (Swamp:4)
  4 orcs (Orc:2)
  6 foxfires
  51 fungi
  A lurking horror (Abyss:2)
  133 plants
  12 withered plants
218 creatures vanquished.

Grand Total: 1572 creatures vanquished

Notes
Turn   | Place    | Note
-------+----------+-------------------------------------------
     0 | D:1      | freelancePsychic the Vine Stalker Berserker began the quest
                  | for the Orb.
     0 | D:1      | Reached XP level 1. HP: 11/11 MP: 2/2
    38 | D:1      | Reached XP level 2. HP: 12/16 MP: 3/3
    44 | D:1      | Reached skill level 1 in Stealth
   230 | D:1      | Reached XP level 3. HP: 19/19 MP: 4/4
   245 | D:1      | Reached skill level 3 in Fighting
   289 | D:1      | Reached ** piety under Trog
   546 | D:2      | Noticed Terence
   554 | D:2      | Killed Terence
   555 | D:2      | Gained mutation: Your natural rate of healing is unusually
                  | fast. [Vine Stalker growth]
   555 | D:2      | Reached XP level 4. HP: 18/24 MP: 3/5
   692 | D:2      | Noticed Jessica
   700 | D:2      | Killed Jessica
   765 | D:2      | Found Cexaddi's Antique Armour Emporium.
   802 | D:2      | Found a faded altar of an unknown god.
   974 | D:2      | Reached XP level 5. HP: 22/28 MP: 4/6
  1258 | D:3      | Found Saezxec's General Store.
  1489 | D:3      | Noticed a water moccasin
  1498 | D:3      | Killed a water moccasin
  1499 | D:3      | Reached skill level 4 in Fighting
  1499 | D:3      | Reached skill level 5 in Short Blades
  1499 | D:3      | Reached XP level 6. HP: 33/33 MP: 7/7
  1709 | D:3      | Found a runed translucent door.
  1731 | D:3      | Noticed Taurus's ghost (amateur MiFi)
  1771 | D:3      | Killed Taurus's ghost
  1888 | D:3      | Reached XP level 7. HP: 35/38 MP: 6/8
  2024 | D:4      | Noticed Blork the orc
  2031 | D:4      | Killed Blork the orc
  2081 | D:4      | Found an opulent altar of Gozag.
  2414 | D:4      | Noticed Menkaure
  2433 | D:4      | Killed Menkaure
  2434 | D:4      | Reached skill level 5 in Fighting
  2591 | D:4      | Found a snail-covered altar of Cheibriados.
  2592 | D:4      | Found a shimmering altar of Xom.
  2736 | D:4      | Reached *** piety under Trog
  2838 | D:5      | Entered Level 5 of the Dungeon
  2867 | D:5      | Gained mutation: You have razor-sharp teeth. [Vine Stalker
                  | growth]
  2867 | D:5      | Reached XP level 8. HP: 36/43 MP: 7/9
  2868 | D:5      | Found Gedduv's Armour Emporium.
  2918 | D:5      | Found a sand-covered staircase.
  2925 | Ossuary  | Entered an ossuary
  3132 | Ossuary  | Noticed a silent spectre
  3288 | D:5      | Found an ancient bone altar of Kikubaaqudgha.
  3359 | D:5      | Reached skill level 6 in Fighting
  3663 | D:5      | Noticed Dowan
  3666 | D:5      | Noticed Duvessa
  3678 | D:5      | Killed Duvessa
  3682 | D:5      | Killed Dowan
  4075 | D:6      | Reached XP level 9. HP: 39/49 MP: 10/10
  4247 | D:6      | Found a staircase to the Ecumenical Temple.
  4434 | D:6      | Found a bloodstained altar of Trog.
  4468 | D:6      | Identified a scroll of acquirement
  4469 | D:6      | Acquired the ring of Ymihets {Fly rElec Str+3}
  4633 | D:6      | Found a sparkling altar of Nemelex Xobeh.
  5145 | D:7      | Reached skill level 10 in Short Blades
  5271 | D:7      | Reached skill level 7 in Fighting
  5334 | D:7      | Reached **** piety under Trog
  5666 | D:7      | Reached skill level 1 in Shields
  5903 | D:8      | Reached XP level 10. HP: 56/56 MP: 11/11
  5908 | D:8      | Found a flagged portal.
  5922 | Bailey   | Entered a bailey
  5949 | Bailey   | Reached skill level 8 in Fighting
  6159 | Bailey   | Identified the ring "Xiachop" {rPois rF+ Str+3 Int+6}
  6163 | Bailey   | Noticed an orc knight
  6176 | Bailey   | Killed an orc knight
  6209 | Bailey   | Identified the ring of the Okapi {rElec Will+ MP+9 Stlth+}
  6214 | Bailey   | Acquired 880 gold pieces
  6430 | D:8      | Noticed Prince Ribbit
  6451 | D:8      | Killed Prince Ribbit
  6452 | D:8      | Reached skill level 9 in Fighting
  6479 | D:8      | Reached skill level 5 in Shields
  6533 | D:8      | Found a broken altar of Ashenzari.
  7049 | D:8      | Noticed Maurice
  7226 | D:8      | Killed Maurice
  7227 | D:8      | Reached skill level 1 in Evocations
  7297 | D:8      | Noticed a gargoyle
  7297 | D:8      | Noticed a gargoyle
  7489 | D:8      | Identified the +7 lajatang of the Equinox {freeze, Fly
                  | SInv}
  7489 | D:8      | Noticed a deep elf pyromancer
  7500 | D:8      | Killed a deep elf pyromancer
  7665 | D:9      | Found a stormy altar of Qazlal.
  7686 | D:9      | Reached XP level 11. HP: 63/63 MP: 12/12
  7800 | D:9      | Reached skill level 10 in Fighting
  8192 | D:10     | Entered Level 10 of the Dungeon
  8289 | D:10     | Reached skill level 5 in Armour
  8413 | D:8      | HP: 3/96 [ice devil (18)]
  8772 | D:10     | Noticed Joseph
  8805 | D:10     | Killed Joseph
  9202 | D:11     | Reached ***** piety under Trog
  9214 | D:11     | Found a staircase to the Lair.
  9218 | D:11     | Found a staircase to the Orcish Mines.
  9228 | D:11     | Noticed a cyan ugly thing
  9243 | D:11     | Killed a cyan ugly thing
  9244 | D:11     | Reached skill level 11 in Fighting
  9569 | D:11     | Found a runed translucent gate.
  9662 | D:11     | Found a runed translucent gate.
  9663 | D:11     | Found a runed translucent gate.
  9665 | D:11     | Noticed greenreed's ghost (journeyman GnCj)
  9743 | D:11     | Reached XP level 12. HP: 70/70 MP: 13/13
 10261 | D:12     | Noticed Kirke
 10273 | D:12     | Reached skill level 5 in Evocations
 10277 | D:12     | Killed Kirke
 10459 | D:12     | Noticed a two-headed ogre
 10466 | D:12     | Killed a two-headed ogre
 10467 | D:12     | Reached skill level 12 in Fighting
 10825 | D:12     | Noticed a catoblepas
 10840 | D:12     | Killed a catoblepas
 11044 | Lair:1   | Entered Level 1 of the Lair of Beasts
 11084 | Lair:1   | Found a large runed translucent door.
 11427 | Lair:1   | Reached XP level 13. HP: 61/76 MP: 10/14
 11663 | Lair:1   | Found a large runed translucent door.
 11667 | Lair:1   | Noticed Wiejup's ghost (journeyman DjVM)
 12344 | Lair:2   | Found a runed translucent door.
 12347 | Lair:2   | Noticed TacoSundae's ghost (journeyman DsNe)
 12475 | Lair:2   | Found a hole to the Spider Nest.
 12565 | Lair:2   | Found a glowing golden altar of the Shining One.
 12596 | Lair:2   | Received a gift from Trog
 12777 | Lair:2   | Found a staircase to the Swamp.
 13142 | Lair:2   | Killed TacoSundae's ghost
 13320 | Lair:3   | Noticed Nergalle
 13365 | Lair:3   | Killed Nergalle
 13370 | Lair:3   | Reached skill level 13 in Fighting
 13412 | Lair:3   | Found a runed translucent door.
 14250 | Lair:3   | Noticed DrKenneth's ghost (journeyman MiFi)
 14298 | Lair:4   | HP: 2/115 [catoblepas (14)]
 15505 | Lair:5   | Entered Level 5 of the Lair of Beasts
 15517 | Lair:5   | Reached XP level 14. HP: 59/82 MP: 15/15
 15662 | Lair:5   | Received a gift from Trog
 15927 | Lair:5   | Reached skill level 14 in Fighting
 16349 | Lair:5   | Reached skill level 10 in Shields
 16723 | Lair:5   | Reached skill level 15 in Fighting
 16981 | Lair:5   | Found a viscous altar of Jiyva.
 17002 | Lair:5   | Found a staircase to the Slime Pits.
 17035 | Lair:5   | Identified the ring "Cimnel" {Fire Drain rN+++ Will+++}
 17615 | D:11     | Upgraded the game from 0.30-a0-305-g026cb31310 to
                  | 0.30-a0-310-g7d6cbdfea6
 18295 | D:13     | Reached XP level 15. HP: 28/90 MP: 7/16
 18442 | D:13     | Identified the +8 scale mail of the Bagpipe {Contam rCorr
                  | Str+4}
 18953 | D:13     | Paralysed by an orc sorcerer for 4 turns
 18998 | D:13     | Received a gift from Trog
 19181 | D:13     | Found a gate to the Vaults.
 19570 | D:13     | Reached skill level 5 in Dodging
 20491 | D:14     | Found a transporter.
 20507 | D:14     | Found a transporter.
 20509 | D:14     | Found a transporter.
 20750 | D:14     | Found a transporter.
 21096 | D:14     | Reached XP level 16. HP: 95/95 MP: 17/17
 21160 | D:15     | Entered Level 15 of the Dungeon
 21330 | D:15     | Found a staircase to the Depths.
 21374 | D:15     | Received a gift from Trog
 21484 | D:15     | Found a blossoming altar of Fedhas.
 21508 | D:15     | Noticed Azrael
 21532 | D:15     | Killed Azrael
 21616 | D:15     | Found a snail-covered altar of Cheibriados.
 21618 | D:15     | Noticed Louise
 21638 | D:15     | Killed Louise
 21704 | D:15     | Found Zuoweteu's Armour Emporium.
 22050 | D:15     | Found a portal to a secret trove of treasure.
 22339 | Orc:1    | Entered Level 1 of the Orcish Mines
 22339 | Orc:1    | Found Liapn's Weapon Shoppe.
 22715 | Orc:1    | Noticed Jorgrun
 22728 | Orc:1    | Killed Jorgrun
 22883 | Orc:1    | Received a gift from Trog
 22884 | Orc:1    | Found the +8 Vampire's Tooth {vamp}
 23047 | Orc:2    | Entered Level 2 of the Orcish Mines
 23745 | Orc:2    | Reached ****** piety under Trog
 23874 | Orc:2    | Found Weezeufehi's Antique Weapon Emporium.
 23874 | Orc:2    | Found Viodun's Book Shoppe.
 23875 | Orc:2    | Found Kynkal's Antique Armour Shoppe.
 23884 | Orc:2    | Found Zycvea's General Store.
 23923 | Orc:2    | Bought a pair of embroidered boots for 165 gold pieces
 23929 | Orc:2    | Bought a scroll of blinking for 90 gold pieces
 23929 | Orc:2    | Bought a scroll of blinking for 90 gold pieces
 23929 | Orc:2    | Bought a potion of cancellation for 96 gold pieces
 24063 | Orc:2    | Found a staircase to the Elven Halls.
 24202 | Swamp:1  | Entered Level 1 of the Swamp
 24495 | Swamp:1  | Reached skill level 10 in Dodging
 24752 | Swamp:1  | Found a runed translucent door.
 24756 | Swamp:1  | Noticed SprigganGuy's ghost (journeyman FeSu)
 24756 | Swamp:1  | Noticed a tentacled monstrosity
 24771 | Swamp:1  | Reached XP level 17. HP: 99/99 MP: 18/18
 24878 | Swamp:2  | Reached skill level 15 in Shields
 25142 | Swamp:2  | Received a gift from Trog
 26426 | Swamp:3  | Identified the ring "Ithrychops" {rPois Str+7 Int+5}
 26485 | Swamp:4  | Entered Level 4 of the Swamp
 26575 | Swamp:4  | Received a gift from Trog
 26781 | Swamp:4  | Identified Roxanne's Directory of Changing
 26781 | Swamp:4  | Noticed Roxanne
 27035 | Swamp:4  | Noticed Mlioglotl
 27077 | Swamp:4  | Killed Mlioglotl
 27200 | Swamp:4  | Noticed the 27-headed Lernaean hydra
 27236 | Swamp:4  | Killed the 26-headed Lernaean hydra
 27237 | Swamp:4  | Reached XP level 18. HP: 72/104 MP: 13/19
 27366 | Swamp:4  | Got a decaying rune of Zot
 27743 | Spider:1 | Entered Level 1 of the Spider Nest
 29223 | Spider:2 | Reached skill level 16 in Fighting
 29443 | Spider:2 | Received a gift from Trog
 29959 | Spider:3 | Noticed Arachne
 30023 | Spider:2 | Killed Arachne
 30210 | Spider:3 | Reached skill level 10 in Armour
 30254 | Spider:3 | Noticed Saseerph's ghost (adept GrEE)
 30258 | Spider:3 | Found a runed translucent gate.
 30258 | Spider:3 | Found a runed translucent gate.
 30259 | Spider:3 | Found a runed translucent gate.
 30585 | Spider:3 | HP: 5/107 [Saseerph's ghost/fireball (13)]
 30720 | Spider:4 | Entered Level 4 of the Spider Nest
 30801 | Spider:2 | Killed Saseerph's ghost
 30983 | Spider:3 | Acquired 1035 gold pieces
 31391 | Spider:4 | Reached XP level 19. HP: 111/111 MP: 20/20
 31743 | Spider:4 | Identified the +10 spear "Podarpha" {vorpal, Drain rPois
                  | rCorr Dex+4} (Trog gifted it to you on level 4 of the
                  | Spider Nest)
 31743 | Spider:4 | Received a gift from Trog
 31905 | Spider:4 | Reached skill level 17 in Fighting
 32203 | Spider:4 | Received a gift from Trog
 32507 | Spider:4 | Got a gossamer rune of Zot
 32732 | Lair:1   | Killed Wiejup's ghost
 32801 | Elf:1    | Entered Level 1 of the Elven Halls
 33115 | Elf:1    | Received a gift from Trog
 33174 | Elf:1    | You are sucked into a shaft and drop 1 floor!
 33291 | Elf:2    | Reached skill level 10 in Evocations
 33329 | Elf:2    | Found a runed translucent gate.
 33329 | Elf:2    | Found a runed translucent gate.
 33344 | Elf:2    | Found a runed translucent gate.
 33415 | Elf:2    | Received a gift from Trog
 33594 | Elf:2    | Found a runed translucent gate.
 33595 | Elf:2    | Found a runed translucent gate.
 33595 | Elf:2    | Found a runed translucent gate.
 33619 | Elf:2    | Noticed Zasomp's ghost (veteran MiFi)
 33623 | Elf:2    | Found a viscous altar of Jiyva.
 33651 | Elf:3    | Entered Level 3 of the Elven Halls
 33803 | Elf:2    | Found Teetoud's Jewellery Shop.
 33967 | Elf:1    | Found Umipnosch's Assorted Antiques.
 34007 | Elf:1    | Bought a potion of curing for 81 gold pieces
 34038 | Elf:1    | Reached skill level 18 in Fighting
 34057 | Elf:1    | Reached XP level 20. HP: 105/119 MP: 21/21
 34297 | Elf:1    | Received a gift from Trog
 34874 | Elf:3    | Paralysed by an air elemental for 1 turns
 34943 | Elf:3    | Paralysed by an air elemental for 1 turns
 35134 | Elf:3    | Noticed Saint Roka
 35183 | Elf:3    | Killed Saint Roka
 35297 | Elf:3    | Found Qicyc's Weapon Shoppe.
 35371 | Elf:3    | Identified the +1 leather armour of the Circus Animal
                  | {Rampage Dex+2 Stlth-}
 35371 | Elf:3    | Identified the amulet "Maluxub" {RegenMP Int+3}
 35382 | Abyss:2  | Cast into level 2 of the Abyss (a deep elf demonologist)
 35431 | Abyss:2  | Noticed a bone dragon
 35486 | Abyss:2  | Killed a bone dragon
 35801 | Abyss:2  | Received a gift from Trog
 36042 | Abyss:2  | Noticed a bone dragon
 36081 | Abyss:2  | Killed a bone dragon
 36191 | Elf:3    | Escaped the Abyss
 36242 | Elf:3    | Identified the ring "Murawumu" {rElec Int-5 Slay+2 SInv}
 36430 | Elf:3    | Killed from afar by a deep elf annihilator

Illustrated notes

Levels and vault maps discovered:
D:1:      tarquinn_simple_flora_water_d, layout_rooms
D:2:      layout_loops_ring, shapermc_ecumenical_altar_rom_forum, serial_shops,
          shop, uniq_terence, uniq_jessica
D:3:      layout_basic, serial_shops, shop, ebering_ghost_sewer_d
D:4:      layout_loops_ring, mainiacjoe_overflow_cross_hatched,
          gammafunk_temple_overflow_statue, chequers_serial_rivers_room_a,
          uniq_blork_the_orc, uniq_menkaure
D:5:      layout_loops_corners, lemuel_tele_altar, serial_shops,
          nicolae_take_the_stairs, enter_ossuary_4, uniq_duvessa
D:6:      layout_basic, nicolae_overflow_hidden_temple,
          lemuel_coloured_pillars_altar, minmay_temple_entry_waves,
          minmay_misc_feat_cross
D:7:      layout_rooms, minivault_22, corexii_checkpoint_b
D:8:      layout_layer_cave, evilmike_ruin_ashenzari, enter_bailey_7,
          dilly_guarded_unrand_elemental_staff, uniq_prince_ribbit1,
          uniq_maurice
D:9:      layout_long_grid, mainiacjoe_overflow_alcove_2
D:10:     layout_loops_ring, uniq_joseph
D:11:     layout_cave_pools, due_lair_maze_entry_diamond, orc_0_dummy,
          gammafunk_ghost_spectres
D:12:     layout_long_grid, argonaut_gorgonesque, uniq_kirke
D:13:     lemuel_castle_with_subvaults [lemuel_castle_interior_carwin_3],
          layout_stronghold, grunt_vaults_entry_fortified
D:14:     layout_loops_cross, nicolae_diode_quadrants
D:15:     gammafunk_depths_entry_grave, layout_loops_cross, fedhas_altar_3,
          nicolae_trove_entry_path_of_doom, serial_shops, shop_statue,
          slow_altar_1, uniq_louise, uniq_azrael
Lair:1:   layout_cellular_growth, ebering_ghost_disaster_area,
          nicolae_lair_lindhole
Lair:2:   layout_gridlike, minmay_swamp_entry_worms, spider_nest_entry_a,
          hellmonk_ghost_happy_afterlife, st_stairs_9, lemuel_oklob_altar
Lair:3:   layout_regular_city, ebering_ghost_reflecting_pool,
          grunt_megastairs_4, lemuel_fruit_tree, uniq_nergalle
Lair:4:   layout_cave_pods
Lair:5:   minmay_lair_end_frog_pond, layout_regular_city,
          minmay_slime_entry_oklob_open
Swamp:1:  layout_basic_swamp, ebering_ghost_inner_flame,
          hangedman_swamp_ruin_wall
Swamp:2:  layout_basic_swamp, evilmike_swamp_ruin_house_3,
          infiniplex_staircase_pool
Swamp:3:  layout_basic_swamp, nicolae_swamp_tree_designs,
          nicolae_swamp_bloodsuckers_inc
Swamp:4:  swamp_old_school, layout_basic_swamp, uniq_roxanne, uniq_mlioglotl
Spider:1: layout_chambers
Spider:2: layout_cave_pods, hellmonk_test_site
Spider:3: layout_spider_delve, gammafunk_ghost_split,
          nicolae_spider_cling_halls, uniq_arachne
Spider:4: johnstein_spider_rune_arachne_lair, drop_trap
Orc:1:    hellmonk_paralyzer, layout_caves, serial_shops,
          nicolae_shop_temple_entry_statues_fountains, nicolae_orc_damp_corner,
          uniq_jorgrun
Orc:2:    st_orc_mages, layout_diamond_mine, elves_outpost_lemuel
Elf:1:    eino_elf_arrival_customs, layout_loops_cross, serial_shops, shop,
          kennysheep_underground_church, nicolae_elf_shapeshifter_party
Elf:2:    nicolae_elf_blades_crystal_corner, layout_geoelf_grid,
          gammafunk_ghost_ooze, abandoned_shop, minmay_shop_enchanted_jewellery,
          minmay_elf_annihilation
Elf:3:    minmay_elf_hall_quartered_circle, layout_loops_cross, serial_shops,
          nicolae_shop_crystal, minivault_15, hangedman_elf_targetted_burst,
          grunt_ministairs_7, st_stairs_3, uniq_saint_roka

Skill      XL: |  1  2  3  4  5  6  7  8  9 10 11 12 13 14 15 16 17 18 19 20 |
---------------+-------------------------------------------------------------+-----
Short Blades   | 3 4 5 7 8 10 11 | 11.0
Stealth        | 1 |  1.5
Fighting       | 3 4 5 6 7 9 11 12 13 15 16 18 | 18.7
Armour         | 3 6 7 8 10 12 | 12.2
Shields        | 2 5 6 8 11 13 14 16 17 | 17.1
Evocations     | 1 3 6 7 9 10 11 | 11.7
Dodging        | 2 7 10 11 | 11.6

Action                   |  1- 3 |  4- 6 |  7- 9 | 10-12 | 13-15 | 16-18 | 19-21 || total
-------------------------+-------+-------+-------+-------+-------+-------+-------++-------
Melee: Short sword       |    73 |       |       |       |       |       |       ||    73
       Bite              |    22 |    27 |   148 |   365 |   945 |  1304 |   818 ||  3629
       Dagger            |    23 |   100 |   388 |   884 |  1702 |   393 |       ||  3490
       Punch             |       |       |     4 |       |       |       |       ||     4
       Rapier            |       |       |       |       |   308 |       |       ||   308
       Quick blade       |       |       |       |       |       |  2168 |  1611 ||  3779
Invok: Berserk           |     3 |     3 |     8 |     9 |    13 |     5 |     2 ||    43
       Trog's Hand       |       |     1 |     2 |     6 |     3 |     6 |     6 ||    24
       Brothers in Arms  |       |       |       |     1 |       |     5 |       ||     6
Evoke: Wand              |       |       |       |     2 |    19 |    12 |     2 ||    35
       Condenser vane    |       |       |       |       |     2 |     4 |     2 ||     8
       Box of beasts     |       |       |       |       |       |     1 |       ||     1
  Use: Scroll            |     2 |     1 |    15 |    11 |     9 |    14 |     4 ||    56
       Potion            |       |       |       |       |       |     3 |     5 ||     8
 Stab: Paralysed         |       |       |       |     1 |     6 |       |       ||     7
       Confused          |       |       |       |       |     2 |     4 |       ||     6
       Sleeping          |       |       |       |       |     2 |     6 |     4 ||    12
       Distracted        |       |       |       |       |     1 |     3 |     3 ||     7
       Invisible         |       |       |       |       |       |       |    10 ||    10
Armor: Animal skin       |     8 |       |       |       |       |       |       ||     8
       Scale mail        |    11 |    19 |       |       |   131 |   575 |   241 ||   977
       Chain mail        |       |    16 |   140 |   271 |   431 |       |       ||   858
Dodge: Dodged            |    35 |    25 |   109 |   224 |   428 |   659 |   315 ||  1795
Block: Buckler           |       |       |     1 |   176 |       |       |       ||   177
       Kite shield       |       |       |       |    20 |  1283 |  1715 |   720 ||  3738
       Reflection        |       |       |       |       |    22 |    22 |    27 ||    71

Table legend: (Time is in decaauts)
 A = Elapsed time spent in this place.
 B = Non-inter-level travel time spent in this place.
 C = Inter-level travel time spent in this place.
 D = Time resting spent in this place.
 E = Time spent auto-exploring this place.
 F = Levels seen in this place.
 G = Mean time per level.
                   A        B        C        D        E       F      G
               +--------+--------+--------+--------+--------+-----+--------+
         Total |  33091 |  30513 |   2578 |   2045 |  20314 |  36 |  919.2 |
       Dungeon |  14038 |  12938 |   1100 |    882 |   8858 |  15 |  935.9 |
          Lair |   6885 |   6084 |    801 |    504 |   4172 |   5 | 1377.0 |
         Swamp |   2952 |   2772 |    180 |     12 |   2038 |   4 |  738.0 |
   Spider Nest |   4132 |   3877 |    255 |    386 |   2335 |   4 | 1033.0 |
  Orcish Mines |   1540 |   1455 |     85 |      8 |   1072 |   2 |  770.0 |
   Elven Halls |   2256 |   2100 |    156 |     90 |   1235 |   3 |  752.0 |
         Abyss |    633 |    633 |      0 |     36 |    356 |   1 |  633.0 |
       Ossuary |    225 |    225 |      0 |     60 |     60 |   1 |  225.0 |
        Bailey |    426 |    426 |      0 |     64 |    187 |   1 |  426.0 |
               +--------+--------+--------+--------+--------+-----+--------+

Top non-repeatable levels by time:
    D:13: 1778 daAuts
  Lair:4: 1577 daAuts
  Lair:5: 1554 daAuts
  Lair:2: 1354 daAuts
  Lair:1: 1306 daAuts
    D:12: 1264 daAuts
     D:8: 1228 daAuts
Spider:2: 1167 daAuts
     D:6: 1097 daAuts
  Lair:3: 1092 daAuts
Spider:1: 1065 daAuts
Spider:4: 1037 daAuts
    D:14: 1022 daAuts
 Swamp:4: 967 daAuts
    D:15: 966 daAuts
